 Dungeon Crawl Stone Soup version 0.27-a0-216-g1fbed8a51c (webtiles) character file.

Game seed: 8321224097097004981

828 knot the Chopper (level 7, 67/78 HPs)
             Began as a Demonspawn Berserker on Feb 1, 2021.
             Was a Priest of Trog.
             Quit the game on level 4 of the Dungeon.
             The game lasted 00:09:21 (5674 turns).

knot the Chopper (Demonspawn Berserker)             Turns: 5674, Time: 00:09:22

Health: 67/78      AC:  9    Str: 17    XL:     7   Next: 65%
Magic:  16/16      EV: 11    Int: 11    God:    Trog [***...]
Gold:   137        SH:  0    Dex: 12    Spells: 6/6 levels left

rFire    . . .     SeeInvis .   E - +3 hand axe
rCold    . . .     Faith    .   (no shield)
rNeg     . . .     Spirit   .   C - +0 ring mail (curse)
rPois    .         Reflect  .   (helmet restricted)
rElec    .         Harm     .   (no cloak)
rCorr    .         Rampage  .   (no gloves)
Will     .....                  (no boots)
Stlth    ..........             (no amulet)
HPRegen  0.23/turn              l - ring of magical power
MPRegen  0.15/turn              a - +4 ring of protection

@: berserking, very quick
A: antennae 2, demonic guardian 1, powered by death 2
a: Renounce Religion, Berserk, Trog's Hand


You were on level 4 of the Dungeon.
You worshipped Trog.
Trog was most pleased with you.
You visited 1 branch of the dungeon, and saw 4 of its levels.

You collected 137 gold pieces.

Inventory:

Hand Weapons
 n - a +0 dagger of venom
 y - a +0 battleaxe
 E - a +3 hand axe (weapon)
Missiles
 e - 36 sling bullets
 g - 25 poisoned darts
 k - 147 stones
 r - a throwing net
 z - 5 silver javelins
 A - 4 boomerangs (quivered)
Armour
 C - a cursed +0 ring mail (worn)
Jewellery
 a - a +4 ring of protection (right hand)
 l - a ring of magical power (left hand)
 x - an uncursed ring of flight
Wands
 u - a wand of polymorph (8)
 D - a wand of random effects (19)
Scrolls
 f - a scroll of noise {unknown}
 h - a scroll of blinking {unknown}
 i - 2 scrolls of identify {unknown}
 p - a scroll of fog {unknown}
 s - a scroll of magic mapping {unknown}
 t - 3 scrolls of teleportation {unknown}
 v - 2 scrolls of enchant weapon {unknown}
Potions
 b - 2 potions of berserk rage {unknown}
 c - 8 potions of curing {unknown}
 d - 2 potions of flight {unknown}
 j - a potion of magic {unknown}
 m - a potion of invisibility {unknown}
 o - 2 potions of lignification {unknown}
 q - 2 potions of brilliance {unknown}
 w - 2 potions of degeneration {unknown}
 B - a potion of attraction {unknown}


   Skills:
 - Level 3.0 Fighting
 + Level 6.0 Axes
 * Level 5.6 Throwing
 - Level 1.7 Armour
 - Level 1.7 Dodging


You had 6 spell levels left.
You didn't know any spells.
Your spell library was empty.

Dungeon Overview and Level Annotations

Branches:
Dungeon (4/15)
 Temple: D:4-7

Altars:
Vehumet


Innate Abilities, Weirdness & Mutations

You have a pair of antennae on your head.
A weak demonic guardian rushes to your aid.
You regenerate health from kills.


Message History

Pikel barely misses you.
You completely miss Pikel.
Pikel is almost dead.
Pikel hits you with a +2 whip of freezing.
Pikel freezes you.
You barely miss Pikel.
Pikel is almost dead.
Pikel says, "You'll feel the lick of my whip!"
Pikel barely misses you.
You slash Pikel!
You kill Pikel!
Trog accepts your kill.
With Pikel's spell broken, his former minion thanks you for its freedom.
The lemure departs this earthly plane.
Your Axes skill increases to level 6!
Your Throwing skill gained 2 levels and is now at level 5!
You have reached level 7!
Your demonic ancestry asserts itself...
You feel the presence of a demonic guardian.
Are you sure you want to abandon this character and quit the game? (Confirm with "yes".)

#.###### #......#
######.# #)# #.# #.# #..
#.# #.# #.# #.# #@####
#.# #)##.. #.# #§##.# #.#
#†##.# #.# #.##.# ##.##
#.##.# ##.#.####
.#######.##.# #.###...###
.........##.####.#.......
.######......K5...###.###


There were no monsters in sight!

Vanquished Creatures
  Pikel (D:4)
  A lemure (D:4)
  3 orc priests
  Jessica (D:2)
  3 orc wizards
  Robin (D:2)
  3 adders (D:3)
  2 shadow imps (D:3)
  2 dart slugs (D:1)
  5 leopard geckos
  22 orcs
  4 ball pythons
  8 bats
  5 giant cockroaches
  16 goblins
  4 hobgoblins
  9 jackals
  2 quokkas (D:2)
  8 frilled lizards
  13 kobolds
  6 rats
119 creatures vanquished.

Notes
Turn   | Place    | Note
-------+----------+-------------------------------------------
     0 | D:1      | knot the Demonspawn Berserker began the quest for the Orb.
     0 | D:1      | Reached XP level 1. HP: 18/18 MP: 1/1
    61 | D:1      | Reached skill level 3 in Axes
   260 | D:1      | Gained mutation: You have a pair of small antennae on your
                  | head. [demonic ancestry]
   260 | D:1      | Reached XP level 2. HP: 16/24 MP: 2/2
  1159 | D:1      | Gained mutation: You regenerate a little health from kills.
                  | [demonic ancestry]
  1159 | D:1      | Reached XP level 3. HP: 21/29 MP: 3/3
  1586 | D:2      | Reached ** piety under Trog
  1587 | D:2      | Noticed Jessica
  1594 | D:2      | Killed Jessica
  1595 | D:2      | Reached skill level 4 in Axes
  1756 | D:2      | Reached XP level 4. HP: 35/35 MP: 4/4
  1790 | D:2      | Noticed Robin
  1814 | D:2      | Killed Robin
  1815 | D:2      | Reached skill level 1 in Throwing
  2654 | D:2      | Found a radiant altar of Vehumet.
  2838 | D:2      | Gained mutation: You regenerate health from kills. [demonic
                  | ancestry]
  2838 | D:2      | Reached XP level 5. HP: 40/41 MP: 5/5
  3141 | D:3      | Found a transporter.
  3315 | D:3      | Reached *** piety under Trog
  3730 | D:3      | Found a transporter.
  4310 | D:3      | Reached skill level 5 in Axes
  4839 | D:3      | Gained mutation: You have a pair of antennae on your head.
                  | [demonic ancestry]
  4839 | D:3      | Reached XP level 6. HP: 44/45 MP: 6/6
  5543 | D:4      | Noticed Pikel
  5673 | D:4      | Killed Pikel
  5674 | D:4      | Reached skill level 6 in Axes
  5674 | D:4      | Reached skill level 5 in Throwing
  5674 | D:4      | Gained mutation: A weak demonic guardian rushes to your
                  | aid. [demonic ancestry]
  5674 | D:4      | Reached XP level 7. HP: 52/52 MP: 7/7
  5674 | D:4      | Quit the game

Illustrated notes

Levels and vault maps discovered:
D:1:      heliophobic_arrival_dark_side_of_the_moon, layout_basic,
          minmay_misc_feat_x
D:2:      layout_basic, general_overflow_altar, serial_curves, eino_curves_03,
          eino_curves_03, st_stairs_10, mrwooster_statue_mirror, uniq_robin,
          uniq_jessica
D:3:      gammafunk_wand_slinger, layout_rooms, corexii_item_surrounded_by_moat
D:4:      layout_loops_ring, item_on_display_a, uniq_pikel

Skill      XL: |  1  2  3  4  5  6 |
---------------+-------------------+-----
Axes           | 3 4 5 6 |  6.0
Throwing       | 2 3 5 |  5.6
Fighting       | |  3.0
Armour         | |  1.7
Dodging        | |  1.7

Action                   |  1- 3 |  4- 6 |  7- 9 || total
-------------------------+-------+-------+-------++-------
Melee: Hand axe          |   111 |   243 |       ||   354
Throw: Dart              |    16 |    33 |       ||    49
       Stone             |       |     5 |       ||     5
       Boomerang         |       |    12 |       ||    12
Invok: Berserk           |     1 |     6 |       ||     7
       Trog's Hand       |       |     1 |       ||     1
 Abil: Evoke Flight      |       |     2 |       ||     2
Evoke: Wand              |       |     4 |       ||     4
 Stab: Sleeping          |     1 |       |       ||     1
Armor: Animal skin       |    22 |    10 |       ||    32
       Ring mail         |       |    62 |       ||    62
Dodge: Dodged            |    87 |   135 |       ||   222

Table legend: (Time is in decaauts)
 A = Elapsed time spent in this place.
 B = Non-inter-level travel time spent in this place.
 C = Inter-level travel time spent in this place.
 D = Time resting spent in this place.
 E = Time spent auto-exploring this place.
 F = Levels seen in this place.
 G = Mean time per level.
                   A        B        C        D        E       F      G
               +--------+--------+--------+--------+--------+-----+--------+
         Total |   5756 |   5598 |    158 |   2429 |   2220 |   4 | 1439.0 |
       Dungeon |   5756 |   5598 |    158 |   2429 |   2220 |   4 | 1439.0 |
               +--------+--------+--------+--------+--------+-----+--------+

Top non-repeatable levels by time:
     D:3: 1839 daAuts
     D:2: 1667 daAuts
     D:1: 1662 daAuts
     D:4: 585 daAuts
